 Dungeon Crawl Stone Soup version 0.30-a0-743-gbfdf073431 (webtiles) character file.

Game seed: 14555075652726315968

182 Leeroy the Slasher (level 5, 0/26 HPs)
             Began as a Vine Stalker Warper on Feb 7, 2023.
             Slain by a black bear (9 damage)
             ... on level 3 of the Dungeon.
             The game lasted 00:02:40 (2207 turns).

Leeroy the Slasher (Vine Stalker Warper)            Turns: 2207, Time: 00:02:40

Health: 0/26       AC:  3    Str: 13    XL:     5   Next: 62%
Magic:  0/9        EV: 11    Int: 13    God:
Gold:   247        SH:  5    Dex: 16    Spells: 8/8 levels left

rFire   . . .      SeeInvis .    a - +0 falchion
rCold   . . .      Faith    .    (no shield)
rNeg    . . .      Spirit   +    b - +0 leather armour
rPois   .          Reflect  +    (no helmet)
rElec   .          Harm     .    (no cloak)
rCorr   .          Rampage  .    (no gloves)
Will    .....                    (no boots)
Stlth   +                        q - amulet of reflection
HPRegen 1.04/turn                (no ring)
MPRegen 0.11/turn                (no ring)

@: no status effects
A: fangs 2, regeneration 1, magic shield, antimagic bite, no potion heal 2
a: no special abilities


You were on level 3 of the Dungeon.
You visited 1 branch of the dungeon, and saw 4 of its levels.

You collected 247 gold pieces.

Inventory:

Hand Weapons
 a - a +0 falchion (weapon)
Missiles
 d - 7 boomerangs of dispersal (quivered)
Armour
 b - a +0 leather armour (worn)
Jewellery
 q - an amulet of reflection (around neck)
Scrolls
 c - 2 scrolls of blinking
 f - a scroll of silence {unknown}
 i - 3 scrolls of identify {unknown}
 k - 4 scrolls of teleportation {unknown}
 l - a scroll of fog {unknown}
 n - a scroll of acquirement {unknown}
 o - a scroll of vulnerability {unknown}
 p - a scroll of noise {unknown}
 r - a scroll of magic mapping {unknown}
 s - a scroll of summoning {unknown}
 t - 3 scrolls of brand weapon {unknown}
Potions
 e - a potion of haste {unknown}
 g - 2 potions of curing {unknown}
 h - a potion of lignification {unknown}
 j - a potion of brilliance {unknown}
 m - 2 potions of magic {unknown}
 u - a potion of heal wounds {unknown}


   Skills:
 - Level 1.7 Fighting
 + Level 5.1 Long Blades
 - Level 0.8 Throwing
 - Level 0.7 Armour
 - Level 1.5 Dodging
 - Level 2.1 Spellcasting
 - Level 3.0 Translocations


You had 8 spell levels left.
You didn't know any spells.
Your spell library contained the following spells:

 Spells                   Type           Power      Damage    Failure   Level
 Blink                    Tloc           18%        N/A       14%         2
 Lesser Beckoning         Tloc           18%        N/A       14%         2
 Teleport Other           Tloc           9%         N/A       28%         3
 Vhi's Electric Charge    Tloc/Air       10%        N/A       45%         3
 Manifold Assault         Tloc           9%         N/A       67%         4


Dungeon Overview and Level Annotations

Branches:
Dungeon (4/15)
 Temple: D:4-7

Altars:
Makhleb


Innate Abilities, Weirdness & Mutations

You have extremely sharp teeth.
Your natural rate of healing is unusually fast.
When hurt, damage is shared between your health and your magic reserves.
Your bite disrupts and absorbs the magic of your enemies.
Potions cannot restore your health.


Message History

There is a stone staircase leading down here.
You hit the black bear. Your bite misses the black bear.
The black bear is lightly wounded.
The black bear bites you. The black bear claws you. The black bear misses you.
You hit the black bear.
The black bear is moderately wounded.
You block the black bear's attack. The black bear barely misses you.
The black bear closely misses you.
You hit the black bear but do no damage.
Your bite misses the black bear.
The black bear is moderately wounded.
The black bear bites you.
The black bear claws you but does no damage.
The black bear claws you.
You slash the black bear! You bite the black bear. You drain its power.
You feel invigorated.
The black bear is heavily wounded.
The black bear bites you! The black bear closely misses you.
You block the black bear's attack.
You hit the black bear but do no damage.
Your bite misses the black bear.
The black bear is heavily wounded.
The black bear barely misses you. The black bear claws you.
The black bear claws you but does no damage.
You hit the black bear. Your bite misses the black bear.
The black bear is heavily wounded.
The black bear bites you. The black bear claws you. x2
You slash the black bear! Your bite misses the black bear.
The black bear is almost dead.
The black bear goes berserk!
You hit the black bear but do no damage.
The black bear is almost dead.
The black bear bites you. The black bear closely misses you.
You block the black bear's attack.
You barely miss the black bear.
The black bear is almost dead.
The black bear bites you.
The black bear claws you but does no damage.
The black bear closely misses you. The black bear bites you!
You die...

#..##........####.#######
#............# #.#
##...........##############
###.........##.#...§......
#.)...######.#.≈§.......
#####..###...#.≈≈..._...
#########..##..###.§≈§......
#...........#.## #.§§≈.....≈
#.........h@..# #..§≈§§.≈§§
#.........###.# #...§≈≈8≈≈.
#.........# #.# #....§.≈...
#.........# #.# #..........
#.........# #.####..........
#.........# #....#..........
#....###### ####.#..........
#....#♣.♣.♣# #...†........
#....#..♣..# #############


You could see a black bear (berserk).

Vanquished Creatures
  3 iron imps (D:3)
  4 gnolls
  An adder (D:2)
  2 worms
  2 dart slugs
  5 ball pythons (D:1)
  4 bats
  4 endoplasms
  A giant cockroach (D:1)
  2 goblins (D:1)
  4 hobgoblins
  3 jackals (D:2)
  2 kobolds
  A quokka (D:3)
  2 frilled lizards (D:1)
  6 rats
46 creatures vanquished.

Notes
Turn   | Place    | Note
-------+----------+-------------------------------------------
     0 | D:1      | Leeroy the Vine Stalker Warper began the quest for the Orb.
     0 | D:1      | Reached XP level 1. HP: 11/11 MP: 4/4
    85 | D:1      | Reached skill level 2 in Long Blades
   146 | D:1      | Reached XP level 2. HP: 15/15 MP: 6/6
   443 | D:1      | Reached skill level 3 in Long Blades
   705 | D:2      | Reached XP level 3. HP: 18/18 MP: 7/7
  1339 | D:3      | Gained mutation: Your natural rate of healing is unusually
                  | fast. [Vine Stalker growth]
  1339 | D:3      | Reached XP level 4. HP: 16/23 MP: 5/8
  1414 | D:2      | Reached skill level 4 in Long Blades
  2083 | D:3      | Found a burning altar of Makhleb.
  2110 | D:3      | Reached XP level 5. HP: 22/26 MP: 9/9
  2119 | D:3      | Reached skill level 5 in Long Blades
  2187 | D:4      | Noticed a black bear
  2207 | D:3      | Slain by a black bear

Illustrated notes

Levels and vault maps discovered:
D:1:      minmay_arrival_shoal_huts, layout_loops_ring
D:2:      layout_basic
D:3:      layout_basic, demons_altar, chequers_arboretum,
          minmay_fractal_squares_gapless_5
D:4:      layout_cave_pools, nicolae_overflow_squiral,
          chequers_temple_overflow_statue_of_worship, minmay_diced_spiral

Skill      XL: |  1  2  3  4  5 |
---------------+----------------+-----
Long Blades    | 2 3 4 5 |  5.1
Fighting       | |  1.7
Throwing       | |  0.8
Armour         | |  0.7
Dodging        | |  1.5
Spellcasting   | |  2.1
Translocations | |  3.0

Action                     |  1- 3 |  4- 6 || total
---------------------------+-------+-------++-------
  Melee: Falchion          |    80 |    59 ||   139
         Bite              |    17 |    20 ||    37
         Punch             |     2 |       ||     2
   Stab: Sleeping          |     1 |       ||     1
 Armour: Leather armour    |    20 |     8 ||    28
  Dodge: Dodged            |    56 |    33 ||    89
  Block: Other             |       |     4 ||     4

Table legend: (Time is in decaauts)
 A = Elapsed time spent in this place.
 B = Non-inter-level travel time spent in this place.
 C = Inter-level travel time spent in this place.
 D = Time resting spent in this place.
 E = Time spent auto-exploring this place.
 F = Levels seen in this place.
 G = Mean time per level.
                   A        B        C        D        E       F      G
               +--------+--------+--------+--------+--------+-----+--------+
         Total |   2234 |   2134 |    100 |    105 |   1661 |   4 |  558.5 |
       Dungeon |   2234 |   2134 |    100 |    105 |   1661 |   4 |  558.5 |
               +--------+--------+--------+--------+--------+-----+--------+

Top non-repeatable levels by time:
     D:3: 762 daAuts
     D:2: 746 daAuts
     D:1: 711 daAuts
     D:4: 13 daAuts
